Map: Dusk Towers

Players

blackxored - Winner!

  • Race: Zerg Zerg

Jarumo

  • Race: Terran Terran
  • League: Platinum

VOD

Have the link to the VOD?

Description

Time

  • Played on: June 25, 2016, 12:27 p.m.
  • Length: 21:25
Show
View Real Time Build Order
Export as new Build Order

blackxored Zerg - Winner!

Build Orders: Hatch First 

Get SALT Encoding   

  12  0:08  Drone  
  13  0:17  Drone  
  14  0:25  Overlord  
  14  0:33  Extractor  
  14  0:34  Drone  
  15  0:45  Drone x2  
  17  1:02  Hatchery  
  16  1:04  Drone  
  16  1:06  Drone  
  18  1:19  Extractor  
  18  1:21  Spawning Pool  
  18  1:22  Drone  
  18  1:24  Drone  
  18  1:34  Drone  
  19  1:45  Overlord  
  19  1:58  Drone  
  20  2:09  Zergling x2  
  20  2:10  Queen  
  20  2:15  Zergling x2, Queen  
  25  2:20  Zergling x2  
  25  2:22  Metabolic Boost  
  27  2:26  Drone  
  28  2:36  Drone x2  
  30  2:41  Drone  
  31  2:52  Hatchery  
  31  2:54  Drone x2  
  32  2:58  Overlord  
  32  3:02  Pneumatized Carapace  
  32  3:10  Drone x2  
  34  3:21  Queen  
  34  3:27  Drone x5  
  37  3:29  Overlord  
  41  3:40  Drone x2  
  41  3:41  Drone  
  44  3:42  Overlord  
  43  3:58  Zergling x8  
  43  3:59  Zergling x2  
  48  4:11  Drone x3  
  48  4:13  Queen  
  53  4:27  Drone x4  
  53  4:31  Overlord x4  
  57  4:43  Hatchery  
  56  4:49  Lair  
  56  4:52  Drone x7  
  63  4:59  Drone x6  
  70  5:00  Drone  
  70  5:03  Extractor x2  
  68  5:08  Drone  
  68  5:10  Extractor  
  68  5:11  Zergling x4  
  70  5:15  Evolution Chamber  
  70  5:16  Evolution Chamber  
  70  5:17  Extractor, Drone  
  70  5:19  Drone  
  70  5:20  Drone  
  70  5:22  Baneling Nest, Extractor  
  67  5:33  Drone x3  
  67  5:35  Drone x3  
  73  5:39  Drone  
  73  5:42  Roach Warren, Zerg Missile Weapons Level 1, Zerg Ground Armor Level 1  
  73  5:44  Drone x3  
  73  5:47  Drone x3  
  79  6:22  Roach x4  
  79  6:23  Glial Reconstitution  
  87  6:26  Overlord x4  
  87  6:28  Infestation Pit, Drone  
  87  6:44  Queen  
  89  6:48  Spire, Drone x3  
  89  6:53  Drone x14  
  105  6:55  Extractor  
  105  6:59  Extractor  
  103  7:08  Hive  
  103  7:10  Drone x3  
  103  7:12  Drone x3  
  109  7:16  Overlord  
  109  7:19  Overseer  
  109  7:22  Spore Crawler  
  106  7:25  Spore Crawler  
  106  7:28  Spore Crawler  
  96  7:36  Drone, Spore Crawler  
  96  7:37  Drone  
  90  7:38  Spore Crawler  
  90  7:42  Drone, Spore Crawler  
  90  7:43  Drone  
  90  7:44  Spore Crawler  
  84  7:46  Spore Crawler  
  84  7:47  Drone x2  
  84  7:48  Spore Crawler  
  84  7:56  Drone  
  84  7:58  Spire  
  80  8:01  Ravager  
  80  8:03  Mutalisk x2, Overseer  
  80  8:04  Mutalisk x7  
  92  8:14  Ravager  
  92  8:15  Overseer  
  85  8:20  Hatchery  
  85  8:26  Corruptor x2  
  81  8:42  Mutalisk x2  
  81  8:47  Zergling x32  
  101  9:03  Drone x3  
  101  9:04  Drone x3  
  107  9:14  Queen  
  109  9:22  Drone x8  
  109  9:23  Queen  
  119  9:30  Overlord x3  
  119  9:32  Overseer x3  
  119  9:45  Corruptor x3  
  119  9:52  Zerg Flyer Weapons Level 1  
  125  9:53  Zerg Flyer Armor Level 1  
  119  10:10  Corruptor x4  
  119  10:11  Corruptor  
  127  10:16  Adrenal Glands  
  127  10:18  Queen  
  127  10:20  Drone x3  
  132  10:22  Drone  
  133  10:36  Drone x3  
  133  10:37  Drone  
  133  10:40  Drone x4  
  133  10:41  Drone x4  
  145  10:45  Corruptor  
  147  10:51  Overseer x2  
  147  10:57  Corruptor  
  147  10:59  Overlord  
  147  11:00  Overlord  
  149  11:06  Extractor  
  149  11:07  Extractor  
  149  11:10  Drone x2  
  149  11:11  Drone  
  150  11:18  Drone  
  151  11:24  Corruptor, Spore Crawler  
  151  11:25  Corruptor x5  
  162  11:38  Mutalisk x2  
  166  11:44  Overlord x4  
  166  11:45  Overlord  
  166  11:50  Zerg Missile Weapons Level 2  
  166  11:51  Hatchery  
  166  11:52  Zerg Ground Armor Level 2  
  165  11:58  Zerg Flyer Weapons Level 2, Greater Spire  
  165  12:08  Corruptor x3  
  165  12:09  Corruptor  
  173  12:22  Viper  
  175  12:39  Drone x2  
  175  12:41  Drone x2  
  179  12:57  Zergling x38  
  179  12:58  Zergling x4  
  199  13:04  Overseer  
  199  13:05  Overseer  
  160  13:15  Zergling x2  
  160  13:16  Zergling x34  
  146  13:30  Zergling x2  
  146  13:31  Zergling x10  
  138  13:46  Roach x8  
  139  13:53  Brood Lord x5  
  139  13:54  Brood Lord x4  
  139  14:08  Zerg Melee Weapons Level 1, Ultralisk Cavern  
  114  14:40  Roach x5  
  114  14:41  Roach x7  
  134  15:01  Roach  
  136  15:12  Hatchery  
  135  15:39  Ravager x5  
  135  15:40  Ravager x6  
  135  15:41  Ravager  
  147  16:20  Hatchery  
  143  16:34  Corruptor x2  
  143  16:35  Corruptor x3  
  145  16:51  Corruptor  
  145  16:52  Corruptor  
  149  16:56  Drone x2  
  149  16:57  Drone  
  152  17:35  Drone x12  
  164  17:43  Extractor  
  159  18:54  Corruptor x5  
  159  18:55  Corruptor x5  
  173  18:59  Overlord x6  
  173  19:00  Overlord  
  176  19:12  Drone x4  
  179  19:36  Corruptor x4  
  179  19:37  Corruptor  
  188  20:27  Ultralisk x2  
  196  20:45  Extractor x2  
  196  21:15  Hatchery  
Show
View Real Time Build Order
Export as new Build Order

Jarumo Terran 

Build Orders: Mech 

Get SALT Encoding   

  12  0:01  SCV  
  13  0:13  SCV  
  14  0:19  Supply Depot  
  14  0:25  SCV  
  15  0:41  SCV  
  15  0:42  Barracks  
  16  0:53  SCV  
  17  0:58  Supply Depot  
  17  1:05  SCV  
  18  1:17  SCV  
  19  1:27  Command Center  
  19  1:30  Marine  
  20  1:40  Bunker  
  20  1:48  Refinery  
  20  1:50  Refinery  
  20  1:51  Marine  
  21  1:57  Orbital Command  
  21  2:09  Marine  
  22  2:23  SCV  
  22  2:26  Marine  
  24  2:36  SCV  
  25  2:47  Orbital Command  
  25  2:48  SCV  
  26  2:55  Factory  
  26  3:00  SCV  
  26  3:01  Marine  
  28  3:12  SCV  
  29  3:14  Refinery  
  30  3:20  SCV  
  30  3:22  Engineering Bay  
  30  3:24  SCV  
  31  3:30  Bunker  
  31  3:32  SCV  
  32  3:36  SCV  
  32  3:38  Marine  
  32  3:41  Factory Tech Lab  
  35  3:48  SCV  
  35  3:56  Missile Turret  
  35  4:00  Missile Turret  
  35  4:01  Missile Turret  
  35  4:03  Siege Tank  
  35  4:04  Missile Turret x2  
  38  4:27  Marine  
  38  4:31  SCV x2  
  41  4:41  Refinery  
  41  4:43  SCV  
  42  4:49  Starport, SCV  
  42  4:51  Starport x2  
  43  4:55  SCV  
  44  5:00  Missile Turret  
  44  5:01  SCV, Armory  
  45  5:07  SCV  
  46  5:17  Supply Depot  
  46  5:18  Supply Depot  
  46  5:27  Supply Depot, Starport Tech Lab  
  46  5:28  Starport Tech Lab x2  
  46  5:38  Marine, Siege Tank, SCV x2  
  46  5:41  Supply Depot  
  52  5:43  Supply Depot x2  
  52  5:45  Infernal Pre-Igniter  
  52  5:49  Banshee  
  55  5:52  Banshee  
  55  5:54  Cloaking Field  
  58  5:58  Banshee  
  61  6:04  SCV x2  
  61  6:06  Supply Depot  
  61  6:09  Marine  
  64  6:16  SCV  
  65  6:29  Terran Vehicle Weapons Level 1  
  65  6:32  Banshee  
  68  6:34  Banshee  
  71  6:41  Banshee  
  74  6:50  Command Center  
  74  6:58  Siege Tank  
  77  7:14  Banshee  
  80  7:17  Banshee  
  80  7:18  Factory  
  83  7:51  Hellbat  
  85  7:55  Banshee  
  85  7:57  Banshee  
  91  8:00  Banshee  
  94  8:12  Hellbat  
  96  8:21  Liberator  
  84  8:41  Thor  
  81  8:53  Missile Turret  
  81  8:57  Missile Turret  
  81  8:58  Factory Reactor  
  81  9:00  Liberator x2, Missile Turret  
  81  9:03  Barracks Tech Lab, Liberator  
  81  9:04  Factory  
  81  9:05  Missile Turret  
  81  9:06  Factory  
  81  9:12  Missile Turret  
  81  9:14  Missile Turret  
  87  9:25  Hellbat  
  89  9:38  Terran Vehicle And Ship Armor Level 1, Missile Turret  
  89  9:42  Liberator  
  89  9:46  Thor  
  89  9:47  Missile Turret x2  
  89  9:49  Missile Turret  
  95  10:28  Thor  
  95  10:29  Factory Tech Lab  
  95  10:30  Factory Tech Lab  
  101  10:38  Armory  
  101  10:40  Planetary Fortress  
  101  10:47  Refinery  
  101  10:48  Refinery  
  101  10:52  Hellbat x2  
  105  11:10  Missile Turret  
  105  11:11  Thor  
  105  11:13  Hellbat  
  105  11:14  Hellbat  
  115  11:19  SCV x2  
  117  11:35  Supply Depot x2  
  117  11:36  Supply Depot  
  117  11:39  Liberator x2  
  117  11:40  Command Center, Liberator  
  117  11:57  Supply Depot, Hellbat x2, SCV  
  117  11:58  Supply Depot  
  117  11:59  Thor  
  117  12:00  Hellbat  
  117  12:01  Supply Depot  
  139  12:18  Hellbat  
  139  12:19  Hellbat  
  143  12:24  Hellbat  
  143  12:29  Liberator x2  
  145  12:39  Banshee  
  154  13:06  Missile Turret  
  117  13:26  Missile Turret  
  101  13:34  Thor  
  101  13:35  Hellbat  
  107  13:50  Liberator x2  
  113  14:16  Siege Tank  
  116  14:26  Liberator  
  110  14:32  Liberator  
  73  15:08  Hellion x4  
  81  15:20  Liberator x2  
  78  15:25  Orbital Command  
  70  16:04  Hellion x3  
  70  16:05  Hellion x2  
  68  16:22  SCV  
  67  16:26  Hellion x5  
  70  16:34  SCV  
  61  16:47  Hellion x2, SCV  
  27  16:59  SCV  
  18  17:11  SCV  
  18  17:14  Banshee  
  18  17:15  Banshee x2  
  24  17:23  SCV  
  24  17:29  Barracks x2  
  25  17:30  Barracks x2  
  25  17:35  SCV  
  26  17:47  Barracks, SCV  
  26  17:49  Barracks  
  20  18:16  SCV  
  20  18:17  Barracks x2  
  21  18:20  Barracks  
  21  18:21  Marine x2, Barracks  
  21  18:22  Marine x2  
  25  18:28  SCV  
  26  18:40  SCV  
  18  18:43  Marine x3  
  18  18:44  Marine  
  18  18:46  Marine x2  
  24  18:52  SCV  
  25  19:04  Marine x4, SCV  
  30  19:15  Marine x3  
  30  19:31  Supply Depot  
  30  19:33  Supply Depot  
  30  19:36  Supply Depot  
  30  19:52  Marine x8  
  30  19:55  Marine  
  39  20:00  Engineering Bay  
  39  20:06  Marine  
Tags
 
Composition
Mech
League
Platinum
Matchup
TvZ
Add a new tag
Caveats
  • Supply blocks, unpowered buildings, or Contaminate may cause inaccurate times.
  • Supply counts are checked every 10 seconds.